 Dungeon Crawl Stone Soup version 0.31-a0-968-g24f9ace8b5 (webtiles) character file.

Game seed: 13800719072384257604

56 sammy202020 the Trooper (level 3, -7/24 HPs)
             Began as a Gargoyle Berserker on Oct 28, 2023.
             Was a Believer of Trog.
             Killed from afar by Sigmund (8 damage)
             ... with a puff of flame
             ... on level 2 of the Dungeon.
             The game lasted 00:02:56 (1375 turns).

sammy202020 the Trooper (Gargoyle Berserker)        Turns: 1375, Time: 00:02:57

Health: -7/24      AC: 10    Str: 20    XL:     3   Next: 95%
Magic:  3/3        EV: 11    Int:  9    God:    Trog [**....]
Gold:   111        SH:  0    Dex:  9    Spells: 2/2 levels left

rFire   . . .        a - +0 mace
rCold   . . .        (no shield)
rNeg    + . .        b - +0 ring mail
rPois   ∞            (no helmet)
rElec   +            (no cloak)
rCorr   .            g - +0 pair of gloves
SInv    .            (no boots)
Will    .....        (no amulet) Stlth
                     (no ring)
HPRegen 0.24/turn    (no ring)
MPRegen 0.08/turn

%: no passive effects
@: no status effects
A: sickness immunity, AC +3, negative energy resistance 1, electricity
resistance, torment resistance 1, petrification resistance
a: Renounce Religion, Berserk, Trog's Hand


You were on level 2 of the Dungeon.
You worshipped Trog.
Trog was pleased with you.
You visited 1 branch of the dungeon, and saw 2 of its levels.

You collected 111 gold pieces.

Inventory:

Hand Weapons
 a - a +0 mace (weapon)
Armour
 b - a +0 ring mail (worn)
 g - a +0 pair of gloves (worn)
Jewellery
 i - an amulet of regeneration
Scrolls
 d - a scroll of identify {unknown}
 f - a scroll of fog {unknown}
 j - a scroll of teleportation {unknown}
 k - 2 scrolls of torment {unknown}
Potions
 c - a potion of enlightenment {unknown}
 e - 2 potions of resistance {unknown}
 h - a potion of mutation {unknown}


   Skills:
 * Level 3.9 Fighting
 * Level 3.6 Maces & Flails
 * Level 3.0 Armour
 + Level 1.9 Dodging


You had 2 spell levels left.
You didn't know any spells.
Your spell library was empty.

Dungeon Overview and Level Annotations

Branches:
Dungeon (2/15)

Altars:

Annotations:
D:2 Sigmund


Innate Abilities, Weirdness & Mutations

You are immune to sickness and miasma.
Your stone body is resilient. (AC +3)
You are immune to poison.
You resist negative energy. (rN+)
You are resistant to electric shocks. (rElec)
You are resistant to unholy torment.
You are immune to petrification.


Message History

You hit Sigmund.
Sigmund is lightly wounded.
Sigmund closely misses you.
You hit Sigmund but do no damage.
Sigmund is lightly wounded.
Sigmund barely misses you.
You sock Sigmund!
Sigmund is heavily wounded.
Sigmund points at you and mumbles some strange words.
The puff of flame hits you!
Ouch! That really hurt!
* * * LOW HITPOINT WARNING * * *
You are too injured to fight recklessly!
You are too injured to fight recklessly!
You are too injured to fight recklessly!
You are too injured to fight recklessly!
You are too injured to fight recklessly!
You are too injured to fight recklessly!
You are too injured to fight recklessly!
You are too injured to fight recklessly!
You are too injured to fight recklessly!
You are too injured to fight recklessly!
You are too injured to fight recklessly!
You are too injured to fight recklessly!
You are too injured to fight recklessly!
You fail to use your ability.
Sigmund misses you.
You hit Sigmund.
Sigmund is severely wounded.
Sigmund casts a spell at you. You resist with significant effort.
You sock Sigmund!
Sigmund is almost dead.
Sigmund hits you with a +0 scythe.
* * * LOW HITPOINT WARNING * * *
You closely miss Sigmund.
Sigmund is almost dead.
Sigmund gestures at you while chanting. The puff of flame hits you!
You die...
Sigmund begins carving another notch in his scythe.

#### #.# ##### #
#.###...##.#
#.##?....#. #######
#.##...... #......
#.# ..... #.#####
#.# .S. #.# #.# #@#
#.# ##.####@#####.#
#.#
######...........%.#
#.#
#......#.###.#######
#.# #.####...# #...#
#.# #.# ##<## ###.#
#.# #.# #.# #.# #.#
#.# #.# #.# #.# #.#
#.# ###.### #.# #.#
##.## #.....# #.##


You could see Sigmund and an adder.

Vanquished Creatures
  2 adders (D:2)
  2 worms (D:2)
  2 ball pythons
  3 bats
  3 endoplasms
  2 goblins
  2 hobgoblins
  4 jackals (D:2)
  A quokka (D:2)
  2 frilled lizards
  8 kobolds
  3 rats
34 creatures vanquished.

Notes
Turn   | Place    | Note
-------+----------+-------------------------------------------
     0 | D:1      | sammy202020 the Gargoyle Berserker began the quest for the
                  | Orb.
     0 | D:1      | Reached XP level 1. HP: 14/14 MP: 1/1
    19 | D:1      | You fall into a shaft and drop 1 floor!
    73 | D:2      | Reached XP level 2. HP: 3/19 MP: 2/2
   254 | D:1      | Reached XP level 3. HP: 24/24 MP: 3/3
   928 | D:2      | Reached ** piety under Trog
  1365 | D:2      | Noticed Sigmund
  1374 | D:2      | HP: 1/24 [Sigmund/+0 scythe (4)]
  1375 | D:2      | Killed from afar by Sigmund

Illustrated notes

Levels and vault maps discovered:
D:1:      psy_arrival_dodecagon, layout_basic
D:2:      layout_loops_ring, uniq_sigmund

Skill      XL: |  1  2  3 |
---------------+----------+-----
Armour         | 3 |  3.0
Fighting       | |  3.9
Maces & Flails | |  3.6
Dodging        | |  1.9

Action                     || total
---------------------------++-------
  Melee: Mace              ||   103
         Punch             ||     2
 Invoke: Berserk           ||     1
    Use: Scroll            ||     4
 Armour: Animal skin       ||    19
         Leather armour    ||    22
         Ring mail         ||    31
  Dodge: Dodged            ||    65

Table legend: (Time is in decaauts)
 A = Elapsed time spent in this place.
 B = Non-inter-level travel time spent in this place.
 C = Inter-level travel time spent in this place.
 D = Time resting spent in this place.
 E = Time spent auto-exploring this place.
 F = Levels seen in this place.
 G = Mean time per level.
                   A        B        C        D        E       F      G
               +--------+--------+--------+--------+--------+-----+--------+
         Total |   1406 |   1364 |     42 |     31 |   1030 |   2 |  703.0 |
       Dungeon |   1406 |   1364 |     42 |     31 |   1030 |   2 |  703.0 |
               +--------+--------+--------+--------+--------+-----+--------+

Top non-repeatable levels by time:
     D:2: 740 daAuts
     D:1: 665 daAuts
